 Dungeon Crawl Stone Soup version 0.27-a0-1586-gd5c625afe7 (webtiles) character file.

Game seed: 16861388142826768614

139 HAL9000 the Sneak (level 5, -1/26 HPs)
             Began as a Vine Stalker Brigand on July 18, 2021.
             Slain by an ogre (23 damage)
             ... on level 3 of the Dungeon.
             The game lasted 00:03:14 (3272 turns).

HAL9000 the Sneak (Vine Stalker Brigand)            Turns: 3272, Time: 00:03:15

Health: -1/26      AC:  3    Str: 15    XL:     5   Next: 22%
Magic:  0/6        EV: 12    Int: 11    God:
Gold:   165        SH:  0    Dex: 15    Spells: 4/4 levels left

rFire    . . .     SeeInvis .   a - +2 dagger
rCold    . . .     Faith    .   (no shield)
rNeg     . . .     Spirit   +   b - +0 robe
rPois    .         Reflect  .   (no helmet)
rElec    .         Harm     .   c - +0 cloak
rCorr    .         Rampage  .   (no gloves)
Will     .....                  (no boots)
Stlth    +++.......             (no amulet)
HPRegen  1.08/turn              (no ring)
MPRegen  0.10/turn              (no ring)

@: no status effects
A: fangs 2, regeneration 1, magic shield, antimagic bite, no potion heal 2
a: no special abilities


You were on level 3 of the Dungeon.
You visited 1 branch of the dungeon, and saw 4 of its levels.

You collected 165 gold pieces.

Inventory:

Hand Weapons
 a - a +2 dagger (weapon)
Missiles
 e - 2 curare-tipped darts (quivered)
 o - 2 silver boomerangs
Armour
 b - a +0 robe (worn)
 c - a +0 cloak (worn)
Wands
 p - a wand of iceblast (8)
 t - a wand of digging (3)
Scrolls
 f - 4 scrolls of identify {unknown}
 g - a scroll of magic mapping {unknown}
 h - 3 scrolls of teleportation {unknown}
 i - a scroll of vulnerability {unknown}
 m - a scroll of noise {unknown}
 r - a scroll of amnesia {unknown}
Potions
 j - 2 potions of curing {unknown}
 k - 2 potions of cancellation {unknown}
 l - a potion of lignification {unknown}
 n - a potion of brilliance {unknown}
 q - a potion of flight {unknown}
 s - a potion of degeneration {unknown}


   Skills:
 + Level 2.3 Fighting
 + Level 2.9 Short Blades
 + Level 2.1 Throwing
 + Level 1.3 Dodging
 + Level 6.3 Stealth


You had 4 spell levels left.
You didn't know any spells.
Your spell library was empty.

Dungeon Overview and Level Annotations

Branches:
Dungeon (4/15)
 Temple: D:4-7

Altars:
Gozag

Annotations:
D:3 3 runed translucent doors, loom's ghost, novice DjAE


Innate Abilities, Weirdness & Mutations

You have extremely sharp teeth.
Your natural rate of healing is unusually fast.
When hurt, damage is shared between your health and your magic reserves.
Your bite disrupts and absorbs the magic of your enemies.
Potions cannot restore your health.


Message History

A hound skeleton is nearby!
Unknown command.
A hound skeleton is nearby!
A hound skeleton is nearby!
An ogre comes into view. It is wielding a +0 giant club.
Found a hand axe, 9 gold pieces and a dagger.
The helpless hound skeleton fails to defend itself.
You impale the hound skeleton!!
You destroy the hound skeleton!
The ogre shouts!
The ogre barely misses you.
There is a stone staircase leading up here.
You climb upwards.
Level annotation: 3 runed translucent doors, loom's ghost, novice DjAE
There is a stone staircase leading down here.
You throw a poisoned dart. The poisoned dart hits the ogre.
The ogre is poisoned.
The ogre hits you with a +0 giant club!
There is an open door here.
You throw a poisoned dart. The poisoned dart hits the ogre.
The ogre looks even sicker.
The ogre closely misses you.
You throw a poisoned dart. The poisoned dart hits the ogre.
The ogre looks even sicker.
The ogre is moderately wounded.
You throw a poisoned dart. The poisoned dart hits the ogre.
The ogre looks even sicker.
The ogre is moderately wounded.
The ogre barely misses you.
You throw a poisoned dart.
The poisoned dart barely misses the ogre.
The ogre hits you with a +0 giant club!
You throw a poisoned dart. The poisoned dart hits the ogre.
The ogre looks even sicker.
The ogre is severely wounded.
The ogre closely misses you.
You barely miss the ogre. You bite the ogre. You drain its power.
You feel invigorated.
The ogre is almost dead.
The ogre hits you with a +0 giant club!!
Ouch! That really hurt!
You die...

#..##...##.(....#)..#..........#.
##.#........##...)..#..........#.
#...........#...#..#..#########.
#.#...#........##..#..##.##.8∩##
#.##.##.#...#..##..#..##.#.....#
#.......##.##..##..#..##.+.$$$8#
##..###..........(.#..#..+._8.∩#
#.## ###......###.####..+o$.$8#
#.# #......@O(.......#WD...# #.#
#......###.#####.##.8$##
#.######......# #.# ########.
#.##..........# #.# ##
#.##.......######### ##
#.##.........#8###⌠###8##
#.##########............## #.#
#............8# #.#
#............##


You could see an ogre (very poisoned).

Vanquished Creatures
  Ijyb (D:3)
  A hound skeleton (D:4)
  2 adders
  3 worms
  A dart slug (D:1)
  2 orcs (D:3)
  9 bats
  3 endoplasms
  2 giant cockroaches
  12 goblins
  5 hobgoblins
  2 jackals (D:3)
  3 quokkas
  4 ball pythons
  5 frilled lizards
  7 kobolds
  7 rats
69 creatures vanquished.

Notes
Turn   | Place    | Note
-------+----------+-------------------------------------------
     0 | D:1      | HAL9000 the Vine Stalker Brigand began the quest for the
                  | Orb.
     0 | D:1      | Reached XP level 1. HP: 11/11 MP: 2/2
    97 | D:1      | Reached skill level 5 in Stealth
   145 | D:1      | Reached XP level 2. HP: 15/15 MP: 3/3
   668 | D:1      | Reached XP level 3. HP: 18/18 MP: 4/4
  1416 | D:2      | Reached skill level 6 in Stealth
  1914 | D:2      | Gained mutation: Your natural rate of healing is unusually
                  | fast. [Vine Stalker growth]
  1914 | D:2      | Reached XP level 4. HP: 19/23 MP: 5/5
  2618 | D:3      | Found a runed translucent gate.
  2620 | D:3      | Found a runed translucent gate.
  2620 | D:3      | Found an opulent altar of Gozag.
  2620 | D:3      | Noticed a steam dragon
  2621 | D:3      | Found a runed translucent gate.
  2623 | D:3      | Noticed loom's ghost (novice DjAE)
  2833 | D:3      | Reached skill level 1 in Dodging
  3032 | D:3      | Noticed Ijyb
  3092 | D:3      | Killed Ijyb
  3093 | D:3      | Reached XP level 5. HP: 26/26 MP: 6/6
  3229 | D:4      | Noticed an ogre
  3272 | D:3      | Slain by an ogre

Illustrated notes

Levels and vault maps discovered:
D:1:      minmay_arrival_arboretum_small, layout_basic, serial_forest,
          infiniplex_forest_zigzag_1, infiniplex_forest_clump_curved,
          infiniplex_forest_end_double, infiniplex_forest_3_way,
          infiniplex_forest_end_2, infiniplex_forest_clump_C, minmay_unequal
D:2:      layout_rooms, serial_glass, glass_columns_c, glass_columns_a,
          glass_columns_b, glass_columns_c
D:3:      kennysheep_the_goblin_king, layout_basic, ebering_ghost_gozag,
          serial_corexii_hall, corexii_hall_statues_l,
          chequers_hall_statues_wall_a, corexii_hall_statues_u,
          chequers_hall_statues_corner_a, hangedman_decor_clover_reticule
D:4:      layout_loops_ring, nicolae_wu_jian_glorious_leap, uniq_blork_the_orc,
          uniq_robin, uniq_menkaure

Skill      XL: |  1  2  3  4 |
---------------+-------------+-----
Stealth        | 5 6 |  6.3
Fighting       | 2 |  2.3
Short Blades   | 2 |  2.9
Throwing       | 2 |  2.1
Dodging        | 1 |  1.3

Action                   |  1- 3 |  4- 6 || total
-------------------------+-------+-------++-------
Melee: Dagger            |    84 |   104 ||   188
       Bite              |    21 |    23 ||    44
Throw: Dart              |    11 |    12 ||    23
 Stab: Sleeping          |    12 |     4 ||    16
Armor: Robe              |    19 |    15 ||    34
Dodge: Dodged            |    39 |    54 ||    93

Table legend: (Time is in decaauts)
 A = Elapsed time spent in this place.
 B = Non-inter-level travel time spent in this place.
 C = Inter-level travel time spent in this place.
 D = Time resting spent in this place.
 E = Time spent auto-exploring this place.
 F = Levels seen in this place.
 G = Mean time per level.
                   A        B        C        D        E       F      G
               +--------+--------+--------+--------+--------+-----+--------+
         Total |   3248 |   3153 |     95 |    403 |   2216 |   4 |  812.0 |
       Dungeon |   3248 |   3153 |     95 |    403 |   2216 |   4 |  812.0 |
               +--------+--------+--------+--------+--------+-----+--------+

Top non-repeatable levels by time:
     D:3: 1241 daAuts
     D:2: 1056 daAuts
     D:1: 942 daAuts
     D:4: 8 daAuts
